 Dungeon Crawl Stone Soup version 0.31-a0-1008-g5b978dac0e (webtiles) character file.

Game seed: 6595511698020535935

7 Angani the Grave Robber (level 1, 0/13 HPs)
             Began as a Mummy Necromancer on Nov 13, 2023.
             Slain by a jackal (2 damage)
             ... on level 1 of the Dungeon.
             The game lasted 00:00:37 (143 turns).

Angani the Grave Robber (Mummy Necromancer)          Turns: 143, Time: 00:00:38

Health: 0/13       AC:  2    Str: 11    XL:     1   Next: 91%
Magic:  0/4        EV: 12    Int: 14    God:
Gold:   17         SH:  0    Dex: 12    Spells: 5/6 levels left

rFire   x . .        (no weapon)
rCold   + . .        (no shield)
rNeg    + + +        a - +0 robe
rPois   ∞            (no helmet)
rElec   .            (no cloak)
rCorr   .            (no gloves)
SInv    .            (no boots)
Will    .....        (no amulet)
Stlth   ++           (no ring)
HPRegen 0.22/turn    (no ring)
MPRegen 0.09/turn

%: faith
@: no status effects
A: cold resistance 1, negative energy resistance 3, torment resistance 2, heat
vulnerability 1, in touch with death 1, no potions, faith
a: no special abilities


You were on level 1 of the Dungeon.
You visited 1 branch of the dungeon, and saw 1 of its levels.

You collected 17 gold pieces.

Inventory:

Armour
 a - a +0 robe (worn)


   Skills:
 - Level 1.5 Dodging
 - Level 1.5 Stealth
 + Level 3.1 Spellcasting
 + Level 4.2 Necromancy


You had 5 spell levels left.
You knew the following spells:

 Your Spells              Type           Power      Damage    Failure   Level
a - Necrotise             Necr           84%        1d8       3%          1

Your spell library contained the following spells:

 Spells                   Type           Power      Damage    Failure   Level
 Vampiric Draining        Necr           21%        2d7       11%         3
 Animate Dead             Necr           21%        N/A       36%         4
 Agony                    Necr           21%        N/A       71%         5


Dungeon Overview and Level Annotations

Branches:
Dungeon (1/15)

Altars:

Annotations:
D:1 exclusion: 2 jackals


Innate Abilities, Weirdness & Mutations

You are immune to poison.
Your flesh is cold resistant. (rC+)
You are immune to negative energy. (rN+++)
You are immune to unholy pain and torment.
You are vulnerable to heat. (rF-)
You are in touch with the powers of death.
You do not drink.
You have a special connection with the divine. (Faith)


Message History

Press: ? - help, Q - select action Shift-Dir - straight line, f - jackal
Aim: a jackal (ally target, chance to affect: 90%)
You feel a surge of power!
The jackal writhes in agony.
The jackal closely misses you. The quokka barely misses you.
Your jackal skeleton closely misses the frilled lizard.
The jackal barely misses you.
Unknown command.
Unknown command.
You hit the jackal.
The jackal is moderately wounded.
The quokka bites you. The jackal barely misses you.
Your hobgoblin skeleton hits the jackal.
Your jackal skeleton barely misses the frilled lizard.
A frilled lizard comes into view.
Unknown command.
You hit the jackal but do no damage.
The jackal is severely wounded.
The jackal bites you. The quokka barely misses you.
Your jackal skeleton closely misses the frilled lizard.
Your hobgoblin skeleton barely misses the jackal.
The jackal bites you. The quokka closely misses you.
Unknown command.
Unknown command.
You hit the jackal but do no damage.
The jackal is severely wounded.
Your jackal skeleton misses the frilled lizard.
The jackal barely misses you.
The quokka twitches its whiskers.
The quokka bites you.
* * * LOW HITPOINT WARNING * * *
Your hobgoblin skeleton barely misses the jackal.
You barely miss the jackal.
The jackal is severely wounded.
Your jackal skeleton misses the frilled lizard.
The jackal barely misses you. The quokka closely misses you.
Your hobgoblin skeleton misses the jackal.
Your jackal skeleton closely misses the frilled lizard.
Unknown command.
The jackal bites you.
You die...

h........####.#
...........##.#
h....#####.##.###
#....#####..(...#
................#
##.Z#####.....# #ll#
###.### #rh### #.#
#.@ZZ### #.##
#.##...###(.#######
...####.#..........#
##$.# #.............
##.# #........(....
### #...[.........
#.............
#.............
#.............


You could see a quokka, a jackal (ally target), 2 frilled lizards, 2 friendly
jackal skeletons and a friendly hobgoblin skeleton.

Vanquished Creatures
  A ball python (D:1)
  A bat (D:1)
  A hobgoblin (D:1)
  2 jackals (D:1)
  A rat (D:1)
6 creatures vanquished.

Notes
Turn   | Place    | Note
-------+----------+-------------------------------------------
     0 | D:1      | Angani the Mummy Necromancer began the quest for the Orb.
     0 | D:1      | Reached XP level 1. HP: 13/13 MP: 4/4
   143 | D:1      | Slain by a jackal

Illustrated notes

Levels and vault maps discovered:
D:1:      wander_arrival_chamber, layout_rooms, serial_shops, shop

Skill      XL: |  1 |
---------------+----+-----
Spellcasting   | 3 |  3.1
Dodging        | |  1.5
Stealth        | |  1.5
Necromancy     | |  4.2

Action                     || total
---------------------------++-------
  Melee: Unarmed           ||     4
   Cast: Necrotise         ||     8
 Armour: Robe              ||     7
  Dodge: Dodged            ||    15

Table legend: (Time is in decaauts)
 A = Elapsed time spent in this place.
 B = Non-inter-level travel time spent in this place.
 C = Inter-level travel time spent in this place.
 D = Time resting spent in this place.
 E = Time spent auto-exploring this place.
 F = Levels seen in this place.
 G = Mean time per level.
                   A        B        C        D        E       F      G
               +--------+--------+--------+--------+--------+-----+--------+
         Total |    143 |    143 |      0 |      5 |    103 |   1 |  143.0 |
       Dungeon |    143 |    143 |      0 |      5 |    103 |   1 |  143.0 |
               +--------+--------+--------+--------+--------+-----+--------+

Top non-repeatable levels by time:
     D:1: 143 daAuts
